 Seeded DCSS version 0.30-a0-12-gd8047c6 (webtiles) character file.

Game seed: 7543809523427428076 (custom seed)

82 Blightor the Gusty (level 5, -5/38 HPs)
             Began as a Meteoran Air Elementalist on Aug 23, 2022.
             Was a Follower of Kikubaaqudgha.
             Slain by a gnoll
             ... wielding a +0 spear
              (6 damage)
             ... on level 2 of the Dungeon.
             The game lasted 00:14:41 (866 turns).

Blightor the Gusty (Meteoran Air Elementalist)       Turns: 866, Time: 00:14:42

Health: -5/38      AC:  2    Str:  9    XL:     5   Next: 1%
Magic:  11/11      EV: 13    Int: 19    God:    Kikubaaqudgha [*.....]
Gold:   41         SH:  0    Dex: 14    Spells: 7/11 levels left

rFire   . . .      SeeInvis .    e - +1 sling (freeze)
rCold   . . .      Faith    .    (no shield)
rNeg    . . .      Spirit   .    a - +0 robe
rPois   .          Reflect  .    (no helmet)
rElec   .          Harm     .    (no cloak)
rCorr   .          Rampage  .    (no gloves)
Will    .....                    (no boots)
Stlth   +.........               (no amulet)
HPRegen 0.12/turn                i - ring of wizardry
MPRegen 0.12/turn                (no ring)

@: glowing
A: sense surroundings 1, otherworldly, glowing, explore regen
a: Renounce Religion, Unearth Wretches


You were on level 2 of the Dungeon.
You worshipped Kikubaaqudgha.
Kikubaaqudgha was aware of your devotion.
You visited 1 branch of the dungeon, and saw 2 of its levels.

You collected 41 gold pieces.

Inventory:

Hand Weapons
 e - a +1 sling of freezing (weapon)
Missiles
 g - 18 stones
Armour
 a - a +0 robe (worn)
Jewellery
 i - a ring of wizardry (left hand)
Scrolls
 c - a scroll of summoning {unknown}
 h - 2 scrolls of teleportation {unknown}
 j - a scroll of torment {unknown}
Potions
 d - a potion of flight {unknown}
 f - a potion of heal wounds {unknown}


   Skills:
 + Level 0.1 Fighting
 + Level 0.5 Ranged Weapons
 + Level 3.5 Dodging
 + Level 1.5 Stealth
 + Level 3.5 Spellcasting
 + Level 2.1 Conjurations
 + Level 0.2 Necromancy
 + Level 4.3 Air Magic


You had 7 spell levels left.
You knew the following spells:

 Your Spells              Type           Power      Damage    Failure   Level
a - Shock                 Conj/Air       60%        1d6       1%          1
b - Necrotise             Necr           16%        1d4       5%          1
c - Static Discharge      Conj/Air       15%        3-5/arc   2%          2

Your spell library contained the following spells:

 Spells                   Type           Power      Damage    Failure   Level
 Swiftness                Air            19%        N/A       3%          3
 Sublimation of Blood     Necr           4%         N/A       9%          2
 Airstrike                Air            9%         2d(2-18)  10%         4
 Vampiric Draining        Necr           4%         2d6       16%         3
 Animate Dead             Necr           4%         N/A       45%         4


Dungeon Overview and Level Annotations

Branches:
Dungeon (2/15) Zot: 331

Altars:
Kikubaaqudgha


Innate Abilities, Weirdness & Mutations

You passively map a small area around you.
You are easily found by Zot.
You glow in the dark.
You regain HP and MP as you explore.


Message History

Aiming: Shock (safe; 1% risk of failure)
Press: ? - help, Shift-Dir - straight line The zap hits the gnoll.
The gnoll is moderately wounded.
The zap hits the kobold.
You kill the kobold!
Kikubaaqudgha accepts your kill.
The gnoll hits you from afar with a +0 spear.
The gnoll hits you with a +0 flail!
Casting: Shock (safe; 1% risk of failure)
Confirm with . or Enter, or press ? or * to list all spells.
Aiming: Shock (safe; 1% risk of failure)
Press: ? - help, Shift-Dir - straight line The zap hits the gnoll.
The gnoll is heavily wounded.
The gnoll closely misses you. The gnoll hits you with a +0 flail.
Casting: Shock (safe; 1% risk of failure)
Confirm with . or Enter, or press ? or * to list all spells.
Aiming: Shock (safe; 1% risk of failure)
Press: ? - help, Shift-Dir - straight line The zap hits the gnoll.
The gnoll is almost dead.
The gnoll hits you from afar with a +0 spear.
The gnoll hits you with a +0 flail!
* * * LOW HITPOINT WARNING * * *
Casting: Shock (safe; 1% risk of failure)
Confirm with . or Enter, or press ? or * to list all spells.
Aiming: Necrotise (safe; 5% risk of failure)
Press: ? - help, Shift-Dir - straight line, f - gnoll
Aim: a gnoll, wielding a +0 flail (severely wounded, chance to affect: 56%)
The gnoll writhes in agony.
The gnoll hits you with a +0 flail!
* * * LOW HITPOINT WARNING * * *
The gnoll barely misses you.
Casting: Necrotise (safe; 5% risk of failure)
Confirm with . or Enter, or press ? or * to list all spells.
Okay, then.
Magic courses through your body.
The gnoll hits you from afar with a +0 spear.
You die...
Kikubaaqudgha rasps: "You have failed me!
Welcome... death!"

#.#. #.# ,
#.#....#.##*
#.#.####.##
#......#...
#.#..#....#+
####...#Kg *
#..#..#####
*,,##..#g. #.#.##
, #..#.####
#...#,, ,,
#..#....### ##..#
, ###
##..#....... #..#
+g####...).......
#).##,
#@.g.).###....$..
#.#.#####.#...#.#
.###.##
#........###...)#
*.#
###...#########.#
*.#
##............#
.# ,
############.#
..* #.# .. **
#.#** , #.. , *


You could see 2 gnolls.

Vanquished Creatures
  Jessica (D:2)
  2 adders (D:2)
  A gnoll (D:2)
  A dart slug (D:2)
  2 endoplasms (D:1)
  A giant cockroach (D:2)
  6 goblins
  3 hobgoblins
  A quokka (D:1)
  A ball python (D:2)
  2 bats
  4 kobolds
  3 rats
28 creatures vanquished.

Vanquished Creatures (others)
  6 plants (D:2)
6 creatures vanquished.

Grand Total: 34 creatures vanquished

Notes
Turn   | Place    | Note
-------+----------+-------------------------------------------
     0 | D:1      | Blightor the Meteoran Air Elementalist began the quest for
                  | the Orb.
     0 | D:1      | Reached XP level 1. HP: 14/14 MP: 5/5
   242 | D:1      | Reached XP level 2. HP: 20/20 MP: 3/6
   292 | D:1      | Reached skill level 4 in Air Magic
   478 | D:1      | Found a faded altar of an unknown god.
   486 | D:1      | Prayed at the altar of an unknown god.
   486 | D:1      | Became a worshipper of Kikubaaqudgha
   486 | D:1      | Reached * piety under Kikubaaqudgha
   486 | D:1      | Received a gift from Kikubaaqudgha
   489 | D:1      | Learned a level 1 spell: Necrotise
   492 | D:1      | Learned a level 2 spell: Static Discharge
   499 | D:1      | Glimpsed the power of Zot.
   533 | D:2      | Reached XP level 3. HP: 26/26 MP: 5/8
   645 | D:2      | Noticed Jessica
   647 | D:2      | Killed Jessica
   648 | D:2      | Reached XP level 4. HP: 26/33 MP: 6/9
   852 | D:2      | Reached XP level 5. HP: 38/38 MP: 5/11
   865 | D:2      | HP: 1/38 [gnoll/+0 flail (10)]
   866 | D:2      | Slain by a gnoll

Illustrated notes

Levels and vault maps discovered:
D:1:      psy_arrival_radial01, layout_loops_ring,
          ebering_ecumenical_altar_hall, minmay_pentomino_w2
D:2:      minmay_recursive_quarters, layout_loops_ring, chequers_big_river,
          nrook_loot_triangle, minmay_joined_circles, uniq_jessica, uniq_terence

Skill      XL: |  1  2  3  4 |
---------------+-------------+-----
Air Magic      | 4 |  4.3
Spellcasting   | 3 |  3.5
Dodging        | 3 |  3.5
Conjurations   | 2 |  2.1
Fighting       | |  0.1
Ranged Weapons | |  0.5
Stealth        | |  1.5
Necromancy     | |  0.2

Action                   |  1- 3 |  4- 6 || total
-------------------------+-------+-------++-------
Melee: Unarmed           |     7 |       ||     7
 Fire: Sling             |     7 |       ||     7
Throw: Stone             |     1 |       ||     1
 Cast: Shock             |    39 |    20 ||    59
       Necrotise         |     4 |     1 ||     5
  Use: Potion            |     1 |     1 ||     2
Armor: Robe              |     9 |     1 ||    10
Dodge: Dodged            |    21 |     4 ||    25

Table legend: (Time is in decaauts)
 A = Elapsed time spent in this place.
 B = Non-inter-level travel time spent in this place.
 C = Inter-level travel time spent in this place.
 D = Time resting spent in this place.
 E = Time spent auto-exploring this place.
 F = Levels seen in this place.
 G = Mean time per level.
                   A        B        C        D        E       F      G
               +--------+--------+--------+--------+--------+-----+--------+
         Total |    867 |    867 |      0 |      0 |    605 |   2 |  433.5 |
       Dungeon |    867 |    867 |      0 |      0 |    605 |   2 |  433.5 |
               +--------+--------+--------+--------+--------+-----+--------+

Top non-repeatable levels by time:
     D:1: 507 daAuts
     D:2: 359 daAuts
